 Dungeon Crawl Stone Soup version 0.17.1-1-g73c8601 (webtiles) character file.

102331 FloraKitsune the Nimble (level 16, -10/105 HPs)
             Began as a Kobold Enchanter on Dec 25, 2015.
             Was a High Priest of Fedhas.
             Mangled by a two-headed ogre
             ... wielding a +0 giant club
             ... led by an ogre mage
              (13 damage)
             ... while paralysed by an ogre mage
             ... on level 15 of the Dungeon.
             The game lasted 02:04:58 (47908 turns).

FloraKitsune the Nimble (Kobold Enchanter)         Turns: 47908, Time: 02:04:59

Health: -10/105    AC: 10    Str:  6    XL:     16   Next: 85%
Magic:  25/25      EV:  3    Int: 15    God:    Fedhas [*****.]
Gold:   2670       SH:  0    Dex: 24    Spells: 5 memorised, 9 levels left

rFire  . . .     SeeInvis +     h - +1 rapier of the Five Wonders {drain, +Rage rN++ SInv Stlth+}
rCold  . . .     Clarity  .     f - +2 leather armour {rPois}
rNeg   + + +     SustAt   .     s - +0 buckler
rPois  +         Gourm    .     (no helmet)
rElec  .         Spirit   .     o - +0 cloak {+Inv}
rCorr  .         Warding  +     (no gloves)
rMut   .         Stasis   .     n - +0 pair of boots
MR     ++...                    t - amulet of warding
Stlth  ++++++++..               E - +2 ring of intelligence
                                y - +3 ring of protection

@: paralysed, very resistant to hostile enchantments, extraordinarily stealthy
A: carnivore 3, magic resistance 1
a: Evolution, Sunlight, Growth, Reproduction, Rain, Renounce Religion, Evoke
Berserk Rage, Evoke Invisibility


You were on level 15 of the Dungeon.
You worshipped Fedhas.
Fedhas was extremely pleased with you.
You were very full.

You visited 4 branches of the dungeon, and saw 28 of its levels.
You also visited: Ice Cave.

You collected 3606 gold pieces.
You spent 936 gold pieces at shops.

Inventory:

Hand Weapons
 a - a +7 dagger of electrocution
 h - the +1 rapier of the Five Wonders (weapon) {drain, +Rage rN++ SInv Stlth+}
   (You found it on level 7 of the Lair of Beasts)

   A truly terrible weapon, it drains the life of those it strikes.
   It greatly protects you from negative energy.
   It lets you see invisible.
   It lets you go berserk.
   It makes you more stealthy.
 O - the +6 demon blade of the Wraith {elec, *Drain Str+2 Stlth+}
   (You found it on level 8 of the Lair of Beasts)

   Occasionally, upon striking a foe, it will discharge some electrical energy
   and cause terrible harm.
   It affects your strength (+2).
   It causes draining when unequipped.
   It makes you more stealthy.
Missiles
 G - 3 throwing nets (quivered)
Armour
 f - a +2 leather armour of poison resistance (worn)
 j - a +0 helmet
 n - a +0 pair of boots (worn)
 o - a +0 cloak of invisibility (worn)
 s - a +0 buckler (worn)
 u - the +1 ring mail of Ocaimicw {rElec Regen+ Int+5 Dex-4}
   (You found it on level 7 of the Lair of Beasts)

   It affects your intelligence (+5).
   It affects your dexterity (-4).
   It insulates you from electricity.
   It increases your rate of regeneration.
 x - the +0 scale mail "Kumon" {+Fly rF+ Regen+ SInv}
   (You bought it in a shop on level 4 of the Orcish Mines)

   It protects you from fire.
   It lets you see invisible.
   It lets you fly.
   It increases your rate of regeneration.
 L - a +0 pair of gloves of archery
 V - the +1 robe of Restlessness {rN++ Regen+ Int-4}
   (You found it on level 4 of the Lair of Beasts)

   It affects your intelligence (-4).
   It greatly protects you from negative energy.
   It increases your rate of regeneration.
Jewellery
 t - an amulet of warding (around neck)
 y - a +3 ring of protection (left hand)
 D - an uncursed amulet of stasis
 E - a +2 ring of intelligence (right hand)
 J - an uncursed ring of teleportation
Wands
 i - a wand of draining (4)
 z - a wand of digging (16)
 N - a wand of disintegration (12)
 R - a wand of cold (0)
Scrolls
 e - 4 scrolls of teleportation
 g - 5 scrolls of recharging
 m - 14 scrolls of remove curse
 p - a scroll of silence
 w - 2 scrolls of enchant armour
 M - 2 scrolls of fear
 T - 2 scrolls of fog
 U - a scroll of enchant weapon
 X - a scroll of brand weapon
Potions
 k - 2 potions of curing
 l - 3 potions of magic
 q - 4 potions of brilliance
 r - a potion of haste
 v - 3 potions of resistance
 B - 2 potions of agility
 C - 2 potions of flight
 H - 6 potions of cancellation
 I - 2 potions of berserk rage
Books
 c - a Fen Folio

   Spells                             Type                      Level
   a - Corpse Rot                     Necromancy                   2
   b - Stone Arrow                    Conjuration/Earth            3
   c - Leda's Liquefaction            Hexes/Earth                  4
   d - Summon Forest                  Summoning/Translocation      5
   e - Hydra Form                     Transmutation                6
   f - Summon Hydra                   Summoning                    7
Miscellaneous
 K - a fan of gales (inert)
 S - a lamp of fire (inert)
Comestibles
 b - 3 royal jellies
 d - 11 meat rations
 A - 2 fruits
 F - 2 slices of pizza
 Q - 2 beef jerkies


   Skills:
 + Level 13.9 Fighting
 - Level 10.3(11.1) Short Blades
 + Level 4.2(6.0) Long Blades
 + Level 14.9 Dodging
 - Level 14.2 Stealth
 - Level 5.4 Shields
 - Level 2.1 Spellcasting
 - Level 12.5 Hexes
 + Level 12.8 Invocations


You had 9 spell levels left.
You knew the following spells:

 Your Spells              Type           Power        Failure   Level  Hunger
a - Corona                Hex            #####..      1%          1    #......
b - Ensorcelled Hibernat  Hex/Ice        ###...       4%          2    ###....
c - Confuse               Hex            #####...     1%          3    ###....
d - Tukima's Dance        Hex            #####...     1%          3    ###....
e - Apportation           Tloc           #.........   34%         1    #......


Dungeon Overview and Level Annotations

Branches:
Dungeon (15/15)            Temple (1/1) D:4            Lair (8/8) D:11
  Swamp (0/4) Lair:3       Spider (0/4) Lair:4        Slime (0/6) Lair:7
    Orc (4/4) D:9             Elf (0/3) Orc:3        Vaults (0/5) D:14
 Depths (0/5) D:15

Altars:
Ashenzari
Cheibriados
Dithmenos
Elyvilon
Fedhas
Gozag
Kikubaaqudgha
Makhleb
Nemelex Xobeh
Okawaru
Qazlal
Ru
Sif Muna
Trog
Vehumet
Xom
Yredelemnul
Zin
The Shining One
Beogh

Shops:
D:8 :   Orc:4 [?![

Annotations:
D:5 PinkishYellow's ghost, novice DrBe
D:8 Gastronok; bollicks1999's ghost, novice MiFi
D:10 Nergalle
Lair:5 Nessos


Innate Abilities, Weirdness & Mutations

You are small and have problems with some larger weapons.
You are carnivorous and can eat meat at any time.
You are resistant to hostile enchantments.


Message History

The ogre misses you. You block the ogre's attack.
The two-headed ogre misses you. The two-headed ogre barely misses you.
You hit the ogre mage.
The ogre mage is almost dead.
The ogre mage points at you and mumbles some strange words.
You suddenly lose the ability to move!
The ogre mage hits you but does no damage.
The ogre hits you with a giant spiked club!!
The ogre hits you but does no damage.
The two-headed ogre hits you with a giant club!
* * * LOW HITPOINT WARNING * * *
The two-headed ogre hits you but does no damage.
The ogre mage points at you and mumbles some strange words.
Helpless, you fail to dodge the bolt of lightning.
* * * LOW HITPOINT WARNING * * *
The ogre mage hits you but does no damage.
The ogre hits you but does no damage.
The two-headed ogre hits you with a giant club!
You die...
Fedhas appreciates your contribution to the ecosystem.

#.... ........#'###
#.............#...#
....########..#...# ###..#
#..#...# #..+ #..#...# #..#
#..###+# #..# #....... +..#
#....... #.########@O#
#.......
#.......OOOO########.......
#........OO................
#..........................
..............(..........##
########.................#
#####.............#
#.............#
###############


You could see an ogre mage, 2 two-headed ogres and 4 ogres.

Vanquished Creatures
  An orc warlord (Orc:4)
  Maud (Lair:3)
  The ghost of Amon001 the Fighter, a journeyman VSMo of Vehumet (D:13)
  6 dire elephants (Lair:8)
  An ettin (D:15)
  Josephine (Lair:5)
  Fannar (Lair:2)
  An ice dragon (Lair:7)
  10 hydras
  4 wandering mushrooms
  An anaconda (Lair:8)
  2 centaur warriors (D:15)
  4 orc high priests (Orc:4)
  3 death yaks (Lair:7)
  A tengu warrior (D:13)
  Urug (Lair:2)
  A deep elf knight (D:15)
  6 hill giants
  2 deep trolls
  Pikel (D:5)
  A cyclops (shapeshifter) (D:15)
  4 orc knights (Orc:4)
  An ironbrand convoker (D:14)
  4 orc sorcerers (Orc:4)
  8 slime creatures
  A wizard (D:12)
  7 cyclopes
  2 griffons
  8 elephants (Lair:8)
  8 ugly things
  3 black mambas
  2 molten gargoyles (Lair:5)
  A demonic crawler (Lair:3)
  3 komodo dragons
  8 spiny frogs
  A yaktaur (D:13)
  2 fire drakes
  2 efreet
  A freezing wraith (D:14)
  5 polar bears
  2 deep elf priests (D:15)
  4 two-headed ogres
  21 blink frogs
  6 trolls
  A boulder beetle (Orc:3)
  4 wyverns
  2 trapdoor spiders (D:13)
  4 spriggans
  A shadow (D:12)
  4 vampire mosquitoes
  8 wraiths
  61 yaks
  8 hippogriffs
  A hungry ghost (D:7)
  4 basilisks
  9 wolves
  A steam dragon (Lair:6)
  15 water moccasins
  12 swamp worms (Lair:8)
  4 wargs
  14 porcupines
  4 sky beasts
  2 black bears
  37 orc warriors
  A soldier ant (D:11)
  4 slaves
  2 eyes of draining
  12 ice beasts
  3 necrophages
  11 centaurs
  23 ogres
  19 crocodiles
  A big kobold (D:14)
  A gnoll sergeant (D:10)
  22 giant frogs
  A wyvern skeleton (D:13)
  4 scorpions
  24 wights
  5 lava snakes (Lair:5)
  7 killer bees
  9 crimson imps
  5 hounds
  37 orc priests
  4 centaur skeletons
  13 jellies
  10 iguanas
  2 giant frog skeletons
  2 giant frog zombies
  27 orc wizards
  A quasit (D:12)
  Natasha (thrice) (D:4)
  10 worker ants
  33 sheep
  A hound skeleton (D:9)
  Robin (D:2)
  111 river rats
  9 adders
  15 gnolls
  6 shadow imps
  5 oozes
  3 adder skeletons
  9 worms
  11 giant geckos
  249 orcs
  A ball python (D:2)
  13 bats
  8 giant cockroaches
  11 hobgoblins
  8 jackals
  4 quokkas
  3 giant newts
  14 goblins
  15 kobolds
  8 rats
  A fungus (Lair:7)
  2 toadstools (D:13)
1154 creatures vanquished.

Vanquished Creatures (collateral kills)
  Erica (Lair:2)
  A centaur warrior (D:14)
  2 wandering mushrooms (D:14)
  An elephant (Lair:8)
  An ugly thing (D:12)
  2 black mambas (Lair:8)
  5 spiny frogs (Lair:8)
  3 centaur skeletons
  3 komodo dragons (Lair:8)
  A tengu conjurer (D:14)
  3 trolls
  A blink frog (Lair:8)
  2 wraiths (D:14)
  2 hippogriffs (Lair:8)
  A basilisk (Lair:8)
  A warg (Orc:4)
  3 vampire mosquitoes (D:14)
  4 wolves
  A mottled dragon (D:14)
  5 orc warriors (Orc:4)
  3 ice beasts (D:12)
  3 water moccasins
  An ogre (D:14)
  2 crocodiles (Lair:8)
  A giant frog skeleton (D:12)
  5 orc priests
  A gnoll (Orc:4)
  6 worms (Lair:8)
  13 orcs
78 creatures vanquished.

Vanquished Creatures (others)
  A wolf spider zombie (D:14)
  An oklob plant (Lair:7)
  20 wandering mushrooms
  A gargoyle (D:15)
  A quokka (D:5)
  A bush (Lair:4)
  56 fungi
  39 plants
  856 toadstools
976 creatures vanquished.

Grand Total: 2208 creatures vanquished

Notes
Turn   | Place    | Note
--------------------------------------------------------------
     0 | D:1      | FloraKitsune the Kobold Enchanter began the quest for the Orb.
     0 | D:1      | Reached XP level 1. HP: 10/10 MP: 3/3
   379 | D:1      | Reached XP level 2. HP: 15/15 MP: 5/5
   457 | D:1      | Learned a level 2 spell: Ensorcelled Hibernation
   889 | D:1      | Reached XP level 3. HP: 17/19 MP: 4/6
  1073 | D:2      | Found a stormy altar of Qazlal.
  1271 | D:2      | Reached skill level 5 in Stealth
  1392 | D:1      | Reached XP level 4. HP: 17/24 MP: 0/7
  1757 | D:2      | Noticed Robin
  1872 | D:2      | Learned a level 3 spell: Confuse
  2603 | D:2      | Killed Robin
  2603 | D:2      | Reached XP level 5. HP: 25/28 MP: 3/8
  3137 | D:2      | Found Zin's Purification Station.
  3139 | D:2      | Found a glowing silver altar of Zin.
  3233 | D:2      | Bought a potion of curing for 90 gold pieces
  3317 | D:3      | Reached skill level 6 in Stealth
  4702 | D:3      | Reached XP level 6. HP: 32/32 MP: 9/9
  5216 | D:4      | Noticed Natasha
  5216 | D:4      | Noticed a slave
  5226 | D:4      | Killed Natasha
  5250 | D:4      | Noticed Pikel
  5262 | D:3      | Killed a slave
  5472 | D:4      | Found a sparkling altar of Nemelex Xobeh.
  5476 | D:4      | Found a deep blue altar of Sif Muna.
  5476 | D:4      | Found a radiant altar of Vehumet.
  5483 | D:4      | Found an ancient bone altar of Kikubaaqudgha.
  5483 | D:4      | Found a bloodstained altar of Trog.
  5522 | D:4      | Found a staircase to the Ecumenical Temple.
  5532 | Temple   | Entered the Ecumenical Temple
  5556 | Temple   | Became a worshipper of Fedhas Madash
  5762 | D:4      | Noticed a slave
  5773 | Temple   | Killed a slave
  5992 | D:4      | Noticed Natasha
  5997 | D:4      | Killed Natasha
  5997 | D:4      | Reached skill level 5 in Hexes
  6011 | D:4      | Noticed a slave
  6016 | D:4      | Killed a slave
  6491 | Temple   | Reached skill level 1 in Fighting
  7159 | D:4      | Noticed a slave
  7164 | D:4      | Killed a slave
  7218 | D:4      | Noticed Natasha
  7364 | D:4      | Killed Natasha
  7703 | D:4      | Reached XP level 7. HP: 38/38 MP: 5/10
  7797 | D:4      | Reached skill level 7 in Stealth
  7972 | D:5      | Entered Level 5 of the Dungeon
  8000 | D:5      | Noticed PinkishYellow's ghost (novice DrBe)
  8073 | D:5      | Killed Pikel
  8073 | D:5      | Reached skill level 8 in Stealth
  8073 | D:5      | Reached XP level 8. HP: 44/46 MP: 9/11
  8480 | D:5      | Found a white marble altar of Elyvilon.
  8491 | D:5      | Reached skill level 10 in Short Blades
  8491 | D:5      | Reached skill level 12 in Stealth
  8491 | D:5      | Reached XP level 9. HP: 51/51 MP: 11/14
  9058 | D:6      | Reached skill level 5 in Dodging
 10620 | D:6      | Reached XP level 10. HP: 56/56 MP: 15/15
 11125 | D:7      | Reached skill level 13 in Stealth
 11160 | D:7      | Reached * piety under Fedhas
 11603 | D:7      | Found a sacrificial altar of Ru.
 12480 | D:8      | Noticed bollicks1999's ghost (novice MiFi)
 13021 | D:8      | Noticed Gastronok
 13053 | D:8      | Found Qemmief's Book Emporium.
 13436 | D:9      | Reached skill level 5 in Fighting
 13444 | D:9      | Found a burning altar of Makhleb.
 13891 | D:9      | Found a snail-covered altar of Cheibriados.
 13898 | D:9      | Found a staircase to the Orcish Mines.
 14595 | D:9      | Reached XP level 11. HP: 52/64 MP: 9/16
 15287 | D:10     | Entered Level 10 of the Dungeon
 15472 | D:10     | Reached ** piety under Fedhas
 15571 | D:10     | Noticed a hill giant
 15601 | D:10     | Killed a hill giant
 15601 | D:10     | Reached skill level 14 in Stealth
 16179 | D:10     | Noticed a hill giant
 16217 | D:10     | Killed a hill giant
 16331 | D:10     | Noticed Nergalle
 16538 | D:10     | Found a shattered altar of Ashenzari.
 16893 | D:11     | Reached *** piety under Fedhas
 16915 | D:11     | Noticed a hill giant
 16936 | D:11     | Killed a hill giant
 16976 | D:11     | Found a staircase to the Lair.
 16999 | Lair:1   | Entered Level 1 of the Lair of Beasts
 17161 | Lair:1   | Reached XP level 12. HP: 71/71 MP: 17/17
 17920 | Lair:2   | Noticed Fannar
 18299 | Lair:2   | Noticed Urug
 18307 | Lair:2   | Killed Urug
 18367 | Lair:2   | Reached skill level 10 in Dodging
 18654 | Lair:2   | Noticed Erica
 18719 | Lair:2   | Killed Erica
 19225 | Lair:3   | Reached **** piety under Fedhas
 19884 | Lair:3   | Found a staircase to the Swamp.
 20289 | Lair:3   | Reached skill level 10 in Hexes
 20296 | Lair:3   | Noticed Maud
 20304 | Lair:3   | Killed Maud
 20304 | Lair:3   | Reached XP level 13. HP: 80/80 MP: 18/18
 20732 | Lair:4   | Found a hole to the Spider Nest.
 21383 | Lair:4   | Reached skill level 10 in Fighting
 22098 | Lair:4   | Reached ***** piety under Fedhas
 22217 | Lair:4   | Learned a level 3 spell: Tukima's Dance
 22617 | Lair:4   | Got an ominously black robe
 23574 | Lair:5   | Identified the +1 robe of Restlessness {rN++ Regen+ Int-4} (You found it on level 4 of the Lair of Beasts)
 23976 | Lair:5   | Noticed Josephine
 23984 | Lair:5   | Noticed Nessos
 24047 | Lair:5   | Killed Josephine
 25359 | Lair:2   | Reached XP level 14. HP: 79/88 MP: 21/21
 25889 | Lair:2   | Killed Fannar
 27758 | Lair:7   | Found a staircase to the Slime Pits.
 27980 | Lair:7   | Got a pitted rapier
 28002 | Lair:7   | Reached skill level 10 in Invocations
 28113 | Lair:7   | Got a faintly humming ring mail
 28142 | Lair:7   | Found a bloodstained altar of Trog.
 28173 | Lair:7   | Reached ****** piety under Fedhas
 28281 | Lair:7   | Found a frozen archway.
 28315 | Lair:7   | HP: 2/90 [yak (10)]
 29839 | Lair:8   | Entered Level 8 of the Lair of Beasts
 30582 | Lair:8   | Identified the cursed +1 rapier of the Five Wonders {drain, +Rage rN++ SInv Stlth+} (You found it on level 7 of the Lair of Beasts)
 30588 | Lair:8   | Identified the cursed +1 ring mail of Ocaimicw {rElec Regen+ Int+5 Dex-4} (You found it on level 7 of the Lair of Beasts)
 31628 | Lair:8   | Got a shimmering demon blade
 31639 | Lair:8   | Reached skill level 1 in Shields
 31868 | Lair:8   | Reached XP level 15. HP: 96/96 MP: 23/23
 32981 | Lair:8   | Reached skill level 5 in Shields
 33651 | Orc:1    | Entered Level 1 of the Orcish Mines
 34256 | Orc:2    | Found a roughly hewn altar of Beogh.
 34399 | Orc:2    | Found an iron altar of Okawaru.
 34700 | Orc:2    | Learned a level 1 spell: Apportation
 34959 | Orc:3    | Found a staircase to the Elven Halls.
 35713 | Orc:4    | Entered Level 4 of the Orcish Mines
 37453 | Orc:4    | Found a roughly hewn altar of Beogh.
 37709 | Orc:4    | Found Potel's Antique Armour Boutique.
 37729 | Orc:4    | Found Jasir's Distillery.
 37736 | Orc:4    | Bought a potion of mutation for 30 gold pieces
 37737 | Orc:4    | Bought a potion of heal wounds for 60 gold pieces
 37737 | Orc:4    | Bought a potion of heal wounds for 60 gold pieces
 38093 | Orc:4    | Noticed an orc warlord
 38337 | Orc:4    | Killed an orc warlord
 38842 | Orc:4    | Found Ciav's Magic Scroll Shoppe.
 38856 | Orc:4    | Bought a scroll of identify for 28 gold pieces
 38856 | Orc:4    | Bought 2 scrolls of identify for 56 gold pieces
 38856 | Orc:4    | Identified the +6 demon blade of the Wraith {elec, *Drain Str+2 Stlth+} (You found it on level 8 of the Lair of Beasts)
 39101 | Orc:4    | Found Haomucesm's Antique Armour Boutique.
 39124 | Orc:4    | Found a roughly hewn altar of Beogh.
 39257 | Orc:4    | Bought a pair of twisted gloves for 199 gold pieces
 39267 | Orc:4    | Identified the cursed +0 pair of gloves of Greed {+Inv MR- Int+4 Dex+3} (You bought it in a shop on level 4 of the Orcish Mines)
 39268 | Orc:4    | Gained mutation: You are resistant to hostile enchantments. [potion of beneficial mutation]
 39277 | Orc:4    | Bought a runed helmet for 94 gold pieces
 39294 | Orc:4    | Bought a twisted scale mail for 189 gold pieces
 39294 | Orc:4    | Identified the +0 scale mail "Kumon" {+Fly rF+ Regen+ SInv} (You bought it in a shop on level 4 of the Orcish Mines)
 39372 | Orc:4    | Bought a glowing cloak for 130 gold pieces
 39795 | D:11     | Noticed a hill giant
 39802 | D:11     | Killed a hill giant
 39907 | D:11     | Noticed a green ugly thing
 39925 | D:11     | Killed a green ugly thing
 40492 | D:11     | Noticed an eight-headed hydra
 40499 | D:11     | Killed an eight-headed hydra
 40608 | D:11     | Reached skill level 1 in Long Blades
 40611 | D:11     | Noticed a cyclops
 40618 | D:11     | Killed a cyclops
 40618 | D:11     | Reached XP level 16. HP: 103/103 MP: 24/24
 40991 | D:12     | Found a frozen archway.
 41106 | IceCv    | Entered an ice cave
 42324 | D:13     | Noticed Amon001's ghost (journeyman VSMo)
 42350 | D:13     | Killed Amon001's ghost
 46187 | D:14     | Found a gate to the Vaults.
 46348 | D:15     | Entered Level 15 of the Dungeon
 46596 | D:15     | Found a shadowy altar of Dithmenos.
 47456 | D:15     | Found a staircase to the Depths.
 47906 | D:15     | Paralysed by an ogre mage for 3 turns
 47907 | D:15     | HP: 3/105 [ogre mage/bolt of lightning (24)]
 47908 | D:15     | Mangled by a two-headed ogre

Action                   |  1- 3 |  4- 6 |  7- 9 | 10-12 | 13-15 | 16-18 || total
-------------------------+-------+-------+-------+-------+-------+-------++-------
Melee: Dagger            |    62 |   306 |   108 |   936 |   992 |       ||  2404
       Rapier            |       |       |       |       |  1605 |  1276 ||  2881
 Cast: Corona            |     1 |       |     6 |     1 |       |     1 ||     9
       Ensorcelled Hiber |    12 |    67 |    34 |    59 |    51 |     4 ||   227
       Confuse           |       |    18 |    23 |    64 |    74 |    15 ||   194
Invok: Evolution         |       |       |       |     2 |    20 |     7 ||    29
       Sunlight          |       |       |       |       |     2 |       ||     2
 Abil: Evoke Berserk Rag |       |       |       |       |     1 |       ||     1
Evoke: Wand              |       |       |     2 |     3 |     5 |     2 ||    12
       Lamp of fire      |       |       |       |       |     2 |     1 ||     3
       Fan of gales      |       |       |       |       |       |     1 ||     1
  Use: Potion            |     1 |     1 |     2 |     4 |     5 |     6 ||    19
       Scroll            |       |     3 |     4 |     7 |    26 |     5 ||    45
 Stab: Sleeping          |    12 |    46 |    26 |    55 |   121 |    29 ||   289
       Confused          |       |     4 |     6 |    29 |    31 |    10 ||    80
       Distracted        |       |       |       |     8 |    19 |     8 ||    35
  Eat: Chunk             |    10 |    30 |    11 |    43 |    80 |    29 ||   203
       Pizza             |       |       |       |     1 |       |       ||     1
       Beef jerky        |       |       |       |     1 |       |       ||     1
